 Dungeon Crawl Stone Soup version 0.23.2-40-g277498a001 (webtiles) character file.

Game seed: 16413829718494660076

400 Exodus22XD the Conjurer (level 6, 0/32 HPs)
             Began as a Deep Elf Wizard on Aug 27, 2019.
             Was an Initiate of Ashenzari.
             Slain by Menkaure (22 damage)
             ... on level 5 of the Dungeon.
             The game lasted 00:18:29 (4059 turns).

Exodus22XD the Conjurer (Deep Elf Wizard)           Turns: 4059, Time: 00:18:30

Health: 0/32       AC:  2    Str:  4    XL:     6   Next: 54%
Magic:  0/14       EV: 13    Int: 25    God:    Ashenzari [......]
Gold:   282        SH:  0    Dex: 15    Spells: 2/13 levels left

rFire    . . .     SeeInvis .   k - +0 short sword (venom)
rCold    . . .     Gourm    .   (no shield)
rNeg     . . .     Faith    .   a - +0 robe
rPois    .         Spirit   .   b - +0 hat
rElec    .         Reflect  .   (no cloak)
rCorr    .         Harm     .   (no gloves)
MR       .....                  (no boots)
Stlth    +.........             e - amulet of inaccuracy (curse)
HPRegen  0.10/turn              f - ring of attention (curse)
MPRegen  0.14/turn              l - +2 ring of dexterity

@: no status effects
A: no striking features
a: Curse Item, Renounce Religion


You were on level 5 of the Dungeon.
You worshipped Ashenzari.
Ashenzari was noncommittal.
You were not hungry.

You visited 2 branches of the dungeon, and saw 6 of its levels.

You collected 282 gold pieces.

Inventory:

Hand Weapons
 k - a +0 short sword of venom (weapon)
Armour
 a - a +0 robe (worn)
 b - a +0 hat (worn)
Jewellery
 e - a cursed amulet of inaccuracy (around neck)
 f - a cursed ring of attention (left hand)
 l - a +2 ring of dexterity (right hand)
 m - an uncursed amulet of regeneration
Scrolls
 c - a scroll of immolation
 g - 3 scrolls of teleportation
 j - a scroll of enchant weapon
 n - a scroll of fear {unknown}
 q - 2 scrolls of enchant armour
 r - a scroll of random uselessness {unknown}
 s - a scroll of remove curse
Potions
 i - a potion of magic {unknown}
 o - a potion of haste {unknown}
 p - a potion of lignification {unknown}
Comestibles
 d - 7 rations


   Skills:
 - Level 2.4 Dodging
 - Level 2.4 Stealth
 - Level 4.4 Spellcasting
 - Level 5.6 Conjurations
 - Level 3.0 Summonings
 - Level 1.2 Translocations
 * Level 3.4 Fire Magic
 - Level 0.2 Air Magic
 - Level 0.1 Poison Magic


You had 2 spell levels left.
You knew the following spells:

 Your Spells              Type           Power        Failure   Level  Hunger
a - Magic Dart            Conj           ####         1%          1    None
b - Call Imp              Summ           ###.....     3%          2    None
c - Blink                 Tloc           N/A          9%          2    None
d - Conjure Flame         Conj/Fire      ####....     4%          3    ##.....
e - Mephitic Cloud        Conj/Pois/Air  ###.....     12%         3    ##.....

Your spell library contained the following spells:

 Spells                   Type           Power        Failure   Level  Hunger
 Searing Ray              Conj           ####..       1%          2    None
 Slow                     Hex            #.......     13%         2    None
 Dazzling Spray           Conj/Hex       ###...       9%          3    ##.....
 Iskenderun's Mystic Bla  Conj           ####....     9%          4    ####...
 Force Lance              Conj/Tloc      ###.....     22%         4    ####...
 Fulminant Prism          Conj/Hex       ###.......   28%         4    ####...


Dungeon Overview and Level Annotations

Branches:
Dungeon (5/15)             Temple (1/1) D:5

Altars:
Ashenzari
Cheibriados
Kikubaaqudgha
Makhleb
Nemelex Xobeh
Qazlal
Zin
The Shining One

Annotations:
D:5 Menkaure


Message History

Menkaure completely misses you.
You see here a scroll of identify.
Menkaure misses you.
Casting: Magic Dart (safe; 1% risk of failure)
Confirm with . or Enter, or press ? or * to list all spells.
A beastly little devil appears in a puff of frigid air.
Menkaure hits you!
Your white imp hits Menkaure but does no damage.
What are your orders? t - Shout!
Orders for allies: a - Attack new target. p - Attack previous target. r - Retreat! s - Stop attacking. g - Guard the area. f - Follow me.
Anything else - Cancel.
Gang up on whom?
Press: ? - help, Dir - move target cursor, f/p - Menkaure
Aim: Menkaure (severely damaged, fast) Attack!
Menkaure hits you!!
Ouch! That really hurt!
You die...

#.....#.# #.#.###.....#.#
#.#.##.....##.####
#.#.......<..#...#
#.#..#.....##.##.#
########.#..##...###.##.#
.........#..###..# #.##.#
.........5..####.# #....#
... #..?M@......#
#..?M... ####..
#.####.###.....#...###
#... #.# ##.# #...##.#...
#.## #.##....
....##).###. ...#
#.##.=.###.....!. M# #..#
#.##.### #.(####. # #..#
####.##.# #..# ## ...#
#.......# ...#
#.##.##.#####%.


You could see Menkaure and a friendly white imp.

Vanquished Creatures
  An ogre (D:4)
  An orc wizard (D:5)
  An iguana (D:4)
  3 worker ants
  A hound zombie (D:5)
  2 gnolls (D:2)
  4 adders (D:2)
  An ooze (D:3)
  An adder skeleton (D:5)
  2 worms
  5 dart slugs
  A leopard gecko (D:3)
  An orc (D:4)
  11 bats
  4 giant cockroaches
  5 hobgoblins
  4 jackals (D:2)
  6 kobolds
  2 quokkas (D:2)
  4 frilled lizards
  8 goblins
  A quokka zombie (D:5)
  7 rats
76 creatures vanquished.

Vanquished Creatures (collateral kills)
  A hound (D:3)
  A gnoll (D:2)
2 creatures vanquished.

Grand Total: 78 creatures vanquished

Notes
Turn   | Place    | Note
-------+----------+-------------------------------------------
     0 | D:1      | Exodus22XD the Deep Elf Wizard began the quest for the Orb.
     0 | D:1      | Reached XP level 1. HP: 10/10 MP: 7/7
   277 | D:1      | Reached skill level 2 in Conjurations
   385 | D:1      | Reached XP level 2. HP: 12/15 MP: 0/9
   389 | D:1      | Learned a level 2 spell: Call Imp
   784 | D:2      | Reached skill level 3 in Conjurations
   856 | D:2      | Reached XP level 3. HP: 19/19 MP: 0/10
   860 | D:2      | Learned a level 2 spell: Blink
  1134 | D:2      | Reached XP level 4. HP: 19/24 MP: 1/12
  1346 | D:2      | Learned a level 3 spell: Conjure Flame
  1891 | D:2      | Reached skill level 1 in Fire Magic
  2151 | D:3      | Reached XP level 5. HP: 28/28 MP: 6/13
  2170 | D:3      | Learned a level 3 spell: Mephitic Cloud
  3093 | D:4      | Reached skill level 4 in Conjurations
  3242 | D:4      | Noticed an ogre
  3253 | D:4      | Killed an ogre
  3253 | D:4      | Reached skill level 5 in Conjurations
  3253 | D:4      | Reached XP level 6. HP: 32/32 MP: 6/14
  3621 | D:4      | Found a sparkling altar of Nemelex Xobeh.
  3834 | D:5      | Entered Level 5 of the Dungeon
  3873 | D:5      | Noticed Menkaure
  3977 | D:5      | Found a staircase to the Ecumenical Temple.
  3990 | Temple   | Entered the Ecumenical Temple
  3997 | Temple   | Became a worshipper of Ashenzari the Shackled
  4059 | D:5      | Slain by Menkaure

Skill      XL: |  1  2  3  4  5 |
---------------+----------------+-----
Conjurations   | 2 3 5 |  5.6
Summonings     | 3 |  3.0
Fire Magic     | 2 3 |  3.4
Dodging        | |  2.4
Stealth        | |  2.4
Spellcasting   | |  4.4
Translocations | |  1.2
Air Magic      | |  0.2
Poison Magic   | |  0.1

Action                   |  1- 3 |  4- 6 || total
-------------------------+-------+-------++-------
Melee: Short sword       |       |    15 ||    15
 Cast: Magic Dart        |    79 |   126 ||   205
       Call Imp          |     2 |     8 ||    10
       Conjure Flame     |       |     9 ||     9
       Mephitic Cloud    |       |     4 ||     4
  Use: Scroll            |       |     5 ||     5
       Potion            |       |     1 ||     1
  Eat: Chunk             |       |     8 ||     8
       Ration            |       |     1 ||     1
Armor: Robe              |       |    12 ||    12
Dodge: Dodged            |    11 |    56 ||    67
